 Dungeon Crawl Stone Soup version 0.26.0-8-g74fc34ddfb (webtiles) character file.

Game seed: 16191636627061807743

140 denis1488 the Skirmisher (level 5, -4/38 HPs)
             Began as an Octopode Transmuter on Jan 12, 2021.
             Slain by an orc
             ... wielding a +0 hand axe
              (6 damage)
             ... on level 3 of the Dungeon.
             The game lasted 00:02:34 (3586 turns).

denis1488 the Skirmisher (Octopode Transmuter)      Turns: 3586, Time: 00:02:34

Health: -4/38      AC:  1    Str: 10    XL:     5   Next: 23%
Magic:  8/8        EV: 13    Int: 16    God:
Gold:   168        SH:  0    Dex: 12    Spells: 4/8 levels left

rFire    . . .     SeeInvis .     - Unarmed
rCold    + . .     Faith    .   (no shield)
rNeg     . . .     Spirit   .   (helmet restricted)
rPois    .         Reflect  .   (no amulet)
rElec    .         Harm     .   j - ring of willpower
rCorr    .         Rampage  .   n - ring of protection from cold
Will     +....                  (no ring)
Stlth    ++........             (no ring)
HPRegen  0.12/turn              (no ring)
MPRegen  0.11/turn              (no ring)
                                (no ring)
                                (no ring)

@: about to teleport, hasted, very quick
A: almost no armour, stealthy swim, amphibious, 8 rings, constrict 8, camouflage
1, gelatinous body 1
a: no special abilities


You were on level 3 of the Dungeon.
You visited 1 branch of the dungeon, and saw 3 of its levels.

You collected 168 gold pieces.

Inventory:

Missiles
 m - 3 silver javelins
Jewellery
 j - a ring of willpower (left tentacle)
 n - a ring of protection from cold (right tentacle)
Scrolls
 a - a scroll of teleportation
 c - 10 scrolls of identify {unknown}
 f - a scroll of noise {unknown}
 i - a scroll of amnesia {unknown}
 k - a scroll of enchant weapon {unknown}
 l - 2 scrolls of blinking {unknown}
 p - 2 scrolls of remove curse
Potions
 b - a potion of curing {unknown}
 d - a potion of berserk rage {unknown}
 e - a potion of invisibility {unknown}
 g - a potion of flight {unknown}
 h - a potion of haste
 o - a potion of might {unknown}


   Skills:
 + Level 4.9 Fighting
 - Level 2.0 Dodging
 - Level 3.0 Unarmed Combat
 - Level 2.0 Spellcasting
 - Level 2.0 Transmutations


You had 4 spell levels left.
You knew the following spells:

 Your Spells              Type           Power        Failure   Level
a - Beastly Appendage     Tmut           16%          9%          1
b - Spider Form           Tmut/Pois      2%           38%         3

Your spell library contained the following spells:

 Spells                   Type           Power        Failure   Level
 Wereblood                Tmut           8%           14%         2
 Ice Form                 Ice/Tmut       4%           80%         4
 Blade Hands              Tmut           4%           94%         5


Dungeon Overview and Level Annotations

Branches:
Dungeon (3/15)

Altars:
Hepliaklqana
Ru


Innate Abilities, Weirdness & Mutations

You cannot wear most types of armour.
You are very stealthy in the water. (Stealth+)
You are amphibious.
You can wear up to eight rings at the same time.
You can use your tentacles to constrict eight enemies at once.
Your skin changes colour to match your surroundings (Stealth+).
Your rubbery body absorbs attacks. (AC +1, EV +1)


Message History

Beogh smites you!
* * * LOW HITPOINT WARNING * * *
The orc barely misses you.
As you read the scroll labelled PUC MUEQOTI, it crumbles to dust.
You feel blessed for a moment.
It was a scroll of remove curse.
You constrict the orc.
You kill the orc!
The orc wizard closely misses you. The orc barely misses you.
The orc hits you but does no damage.
As you read the scroll labelled TACKOM KE OTIR, it crumbles to dust.
You feel strangely unstable.
It was a scroll of teleportation.
The orc wizard hits you with a +0 dagger.
* * * LOW HITPOINT WARNING * * *
The orc misses you.
It was a potion of haste.
You feel yourself speed up. The orc barely misses you.
The orc wizard hits you with a +0 dagger.
* * * LOW HITPOINT WARNING * * *
The orc hits you with a +0 hand axe.
You die...

............#
#.......#
............#
#....####
............#
#)...#
............#
###### ##
............#
####...
.....########
....... .....#
....... .....#
#######o......
....†#
#.....@oo.....
.....#
#.#####o......
###(## #.#
....... #.# #.#
....... #.# #.#
##+####
#.#######.#######
#................
#########.#######
#.#


You could see an orc priest, an orc wizard and 2 orcs.

Vanquished Creatures
  Jessica (D:2)
  2 adders
  2 oozes
  2 worms
  2 orcs (D:3)
  13 bats
  3 giant cockroaches
  10 goblins
  7 hobgoblins
  6 jackals
  3 quokkas
  4 frilled lizards
  7 kobolds
  16 rats
78 creatures vanquished.

Notes
Turn   | Place    | Note
-------+----------+-------------------------------------------
     0 | D:1      | denis1488 the Octopode Transmuter began the quest for the
                  | Orb.
     0 | D:1      | Reached XP level 1. HP: 13/13 MP: 3/3
   381 | D:1      | Reached skill level 2 in Fighting
   381 | D:1      | Reached XP level 2. HP: 16/19 MP: 5/5
  1113 | D:1      | Reached XP level 3. HP: 22/25 MP: 6/6
  1264 | D:1      | Learned a level 3 spell: Spider Form
  1314 | D:2      | Reached skill level 3 in Fighting
  1390 | D:2      | Noticed Jessica
  1405 | D:2      | Killed Jessica
  1687 | D:2      | Reached XP level 4. HP: 33/33 MP: 7/7
  1696 | D:2      | Found a sacrificial altar of Ru.
  2097 | D:2      | Reached skill level 4 in Fighting
  2988 | D:3      | Found a hazy altar of Hepliaklqana.
  2996 | D:3      | Reached XP level 5. HP: 24/38 MP: 8/8
  3586 | D:3      | Slain by an orc

Illustrated notes

Levels and vault maps discovered:
D:1:      minmay_arrival_widening_spiral_narrow, layout_loops_ring,
          chequers_serial_rivers_room_a, chequers_avenue, minmay_pentomino_w2
D:2:      layout_basic, hangedman_ru_absence, kennysheep_generic_room_11,
          uniq_jessica
D:3:      layout_basic, lemuel_doored_altar

Skill      XL: |  1  2  3  4 |
---------------+-------------+-----
Fighting       | 2 3 4 |  4.9
Dodging        | |  2.0
Unarmed Combat | |  3.0
Spellcasting   | |  2.0
Transmutations | |  2.0

Action                   |  1- 3 |  4- 6 || total
-------------------------+-------+-------++-------
Melee: Unarmed           |    61 |   116 ||   177
       Constrict         |    19 |    26 ||    45
       Tentacles         |     8 |    20 ||    28
       Punch             |     1 |     1 ||     2
  Use: Scroll            |       |     2 ||     2
       Potion            |       |     1 ||     1
 Stab: Sleeping          |     3 |     9 ||    12
Armor: Skin              |     6 |    16 ||    22
Dodge: Dodged            |    28 |    83 ||   111
